AoeStats
← jphilkill

MegaRandom

506601091Analyzed
4v4 RM · 19d ago on Sep 14, 2026· 28m 58s· 8 players
Game mode
Random Map
Map size
Large (8 player)
Population
200
Speed
Normal
Resources
Standard
Victory
Conquest
Starting age
Dark Age
Ending age
Imperial Age
RankedLock teamsTeams togetherTeam positionsShared explorationLock speedFull tech treeHidden civsTurbo modeCheats
Victory
Defeat
🇳🇿 Teutons · New Zealand
1198
+8
🇺🇸 Khmer · United States
1155
+10
🇳🇿 Romans · New Zealand
1147
+10
🇩🇪 Celts · Germany
932
+19
🇩🇪 Bohemians · Germany
1038
-13
🇨🇳 Mongols · China
1014
-12
🇩🇪 Teutons · Germany
1012
-12
🇨🇳 Persians · China
968
-10
comebackfred
11:16 Feudal Age
11:00 Loom
15:28 Castle Age
14:07 Double-Bit Axe
14:04 Horse Collar
15:28 Wheelbarrow
17:52 Bow Saw
18:10 Heavy Plow
(Kush)Martinez
0:39 Loom
12:12 Feudal Age
16:39 Castle Age
18:21 Wheelbarrow
17:34 Double-Bit Axe
17:55 Horse Collar
20:23 Forging
25:29 Fletching
25:43 Pikeman
King Bourbon
0:28 Loom
11:40 Feudal Age
20:05 Castle Age
DEEPSKY
Imyourextasy
6:55 Loom
14:41 Feudal Age
18:59 Castle Age
18:02 Horse Collar
18:47 Bloodlines
19:26 Double-Bit Axe
19:57 Scale Barding Armor
29:55 Wheelbarrow
jordan.armstrong
1:25 Loom
10:57 Feudal Age
11:03 Man-at-Arms
11:32 Double-Bit Axe
14:48 Horse Collar
19:29 Forging
19:42 Scale Mail Armor
23:31 Castle Age
22:12 Fletching
24:39 Bow Saw
26:12 Long Swordsman
28:01 Town Watch
FinRahZel
5:11 Loom
5:18 Loom
10:46 Feudal Age
13:13 Forging
13:08 Scale Barding Armor
14:07 Double-Bit Axe
14:31 Horse Collar
20:51 Castle Age
19:05 Gold Mining
22:04 Chain Barding Armor
22:10 Bow Saw
22:34 Bloodlines
28:11 Stone Mining
29:43 Iron Casting
29:46 Wheelbarrow
jphilkill
1:14 Loom
13:07 Feudal Age
18:48 Castle Age
16:58 Double-Bit Axe
17:20 Horse Collar
20:03 Wheelbarrow
22:29 Husbandry
23:55 Hand Cart
Connection lost

Rejoining the realm…

Still unreachable

The connection could not be restored.

Session expired

The server has moved on; the page needs a fresh start.